 Dungeon Crawl Stone Soup version 0.16.2-12-gd0ad4c3 (webtiles) character file.

78 faibistes the Magician (level 4, -4/24 HPs)
             Began as a Deep Elf Wizard on Feb 5, 2018.
             Slain by a gnoll
             ... wielding a cursed +0 club
              (7 damage)
             ... on level 3 of the Dungeon.
             The game lasted 00:06:45 (3134 turns).

faibistes the Magician (Deep Elf Wizard)            Turns: 3134, Time: 00:06:46

Health: -4/24      AC:  2    Str:  4    XL:     4   Next: 15%
Magic:  5/17       EV: 13    Int: 24    God:
Gold:   85         SH:  0    Dex: 13    Spells: 6 memorised, 1 level left

rFire  . . .     SeeInvis .     q - staff of poison
rCold  . . .     Clarity  .     a - +0 robe
rNeg   . . .     SustAb   .     (no shield)
rPois  +         Gourm    .     b - +0 hat
rElec  .         Spirit   .     (no cloak)
rCorr  .         Warding  .     (no gloves)
rMut   .         Stasis   .     (no boots)
MR     .....                    (no amulet)
Stlth  ++........               (no ring)
                                (no ring)

@: very slightly contaminated, repel missiles, not resistant to hostile
enchantments, unstealthy
A: no striking features
a: no special abilities


You were on level 3 of the Dungeon.
You were hungry.

You visited 1 branch of the dungeon, and saw 3 of its levels.

You collected 85 gold pieces.

Inventory:

Hand weapons
 e - a +0 dagger
 n - a +0 dagger of electrocution
Armour
 a - a +0 robe (worn)
 b - a +0 hat (worn)
Magical staves
 q - an uncursed staff of poison (weapon)
Magical devices
 o - a wand of flame (30)
 r - a wand of confusion (26)
 u - a wand of confusion (21)
Scrolls
 f - 2 scrolls of identify
 g - a scroll of fear {unknown}
 i - 3 scrolls of noise {unknown}
 j - a scroll of enchant armour {unknown}
 l - a scroll of random uselessness {unknown}
 m - 3 scrolls of remove curse {unknown}
Potions
 h - a potion of restore abilities {unknown}
 k - a potion of agility
 s - a potion of mutation {unknown}
Books
 c - a book of Minor Magic

   Spells                             Type                      Level
   a - Magic Dart                     Conjuration                  1
   b - Blink                          Translocation                2
   c - Call Imp                       Summoning                    2
   d - Repel Missiles                 Charms/Air                   2
   e - Slow                           Hexes                        2
   f - Conjure Flame                  Conjuration/Fire             3
   g - Mephitic Cloud                 Conjuration/Poison/Air       3
Comestibles
 d - 3 bread rations
 p - a slice of pizza
 v - a meat ration


   Skills:
 + Level 3.1 Dodging
 - Level 2.4 Stealth
 * Level 5.5 Spellcasting
 * Level 2.9 Conjurations
 - Level 1.1 Summonings
 - Level 1.1 Translocations


You had one spell level left.
You knew the following spells:

 Your Spells              Type           Power        Failure   Level  Hunger
a - Magic Dart            Conj           ###.         2%          1    None
b - Conjure Flame         Conj/Fire      ##......     17%         3    #......
c - Call Imp              Summ           ##......     12%         2    None
d - Blink                 Tloc           N/A          12%         2    None
e - Mephitic Cloud        Conj/Pois/Air  ###.....     21%         3    #......
f - Repel Missiles        Chrm/Air       #.....       14%         2    None


Dungeon Overview and Level Annotations

Branches:
Dungeon (3/15)

Altars:
Elyvilon
Qazlal
Trog
Xom


Message History

The stinking cloud engulfs the gnoll.
The gnoll is engulfed in noxious fumes.
The gnoll appears confused.
The gnoll is engulfed in noxious fumes.
The gnoll appears confused.
You strike the helpless gnoll from behind!
You hit the gnoll.
The gnoll is lightly wounded.
The gnoll is engulfed in noxious fumes.
The gnoll appears confused.
Casting: Mephitic Cloud
Confirm with . or Enter, or press ? or * to list all spells.
Aiming: Magic Dart
Press: ? - help, Shift-Dir - straight line, f/p - gnoll
Aim: a gnoll, wielding a spear (lightly wounded, bewildered and confused)
The magic dart hits the gnoll.
The gnoll is moderately wounded.
You catch the helpless gnoll completely off-guard!
You hit the gnoll.
The gnoll is moderately wounded.
The gnoll is engulfed in noxious fumes.
The gnoll hits you with a club!
You die...

###.#######.#####
#.......@g.......
#.....§..#.......
##.##.... .g...
†# #g..#. .### .#
#...#.. # . #####
.. %.# .


You could see 3 gnolls.

Vanquished Creatures
  An adder (D:2)
  A worm (D:1)
  An ooze (D:1)
  4 orcs
  10 bats
  4 giant cockroaches
  7 goblins
  3 hobgoblins
  4 jackals (D:1)
  6 kobolds
  3 quokkas
  2 ball pythons (D:2)
  5 giant newts
  3 rats (D:1)
54 creatures vanquished.

Vanquished Creatures (collateral kills)
  An ooze (D:1)
  2 jackals (D:1)
3 creatures vanquished.

Grand Total: 57 creatures vanquished

Notes
Turn   | Place    | Note
--------------------------------------------------------------
     0 | D:1      | faibistes, the Deep Elf Wizard, began the quest for the Orb.
     0 | D:1      | Reached XP level 1. HP: 10/10 MP: 6/6
   282 | D:1      | Reached XP level 2. HP: 15/15 MP: 5/10
   323 | D:1      | Learned a level 2 spell: Blink
   326 | D:1      | Learned a level 2 spell: Call Imp
   835 | D:1      | Reached skill level 5 in Spellcasting
  1315 | D:1      | Reached XP level 3. HP: 19/19 MP: 5/14
  1320 | D:1      | Learned a level 3 spell: Conjure Flame
  1324 | D:1      | Learned a level 3 spell: Mephitic Cloud
  1850 | D:2      | Found a stormy altar of Qazlal.
  1907 | D:2      | Found a shimmering altar of Xom.
  1907 | D:2      | Found a white marble altar of Elyvilon.
  2068 | D:2      | Found a bloodstained altar of Trog.
  2454 | D:2      | Reached XP level 4. HP: 7/24 MP: 1/17
  2734 | D:2      | Learned a level 2 spell: Repel Missiles
  3134 | D:3      | Slain by a gnoll

Action                   |  1- 3 |  4- 6 || total
-------------------------+-------+-------++-------
Melee: Dagger            |    12 |       ||    12
       Staff             |     7 |    11 ||    18
 Cast: Magic Dart        |   101 |    21 ||   122
       Call Imp          |     3 |       ||     3
       Mephitic Cloud    |     3 |     9 ||    12
       Blink             |     1 |       ||     1
       Repel Missiles    |       |     1 ||     1
  Use: Scroll            |     2 |       ||     2
 Stab: Confused          |       |     2 ||     2
  Eat: Chunk             |     4 |     2 ||     6
